 Dungeon Crawl Stone Soup version 0.18-a0-1485-g189885c (webtiles) character file.

1850 uiiiytp the Spear-Bearer (level 8, -8/102 HPs)
             Began as a Minotaur Fighter on Mar 3, 2016.
             Mangled by an orc warrior
             ... wielding a cursed -2 glaive
              (17 damage)
             ... on level 6 of the Dungeon.
             The game lasted 00:20:30 (5520 turns).

uiiiytp the Spear-Bearer (Minotaur Fighter)         Turns: 5520, Time: 00:20:30

Health: -8/102     AC: 24    Str: 22    XL:     8   Next: 88%
Magic:  7/7        EV:  2    Int:  5    God:
Gold:   255        SH: 11    Dex: 16    Spells: 0 memorised, 7 levels left

rFire  + . .     SeeInvis .     a - +0 trident
rCold  + . .     Gourm    .     (armour currently unavailable)
rNeg   + + +     Faith    .     c - +0 shield
rPois  +         Spirit   .     (helmet currently unavailable)
rElec  +         Dismiss  .     (cloak currently unavailable)
rCorr  +         Reflect  .     (gloves currently unavailable)
SustAt .         Harm     .     (boots currently unavailable)
MR     +....     NoTele   +     (no amulet)
Stlth  +++.......               d - ring of protection from magic
                                o - ring of poison resistance

@: agile, tree-form (expiring), resistant, somewhat resistant to hostile
enchantments, fairly stealthy
A: (retaliatory headbutt), (horns 0)
a: no special abilities


You were on level 6 of the Dungeon.
You were not hungry.
You were a tree.
You visited 1 branch of the dungeon, and saw 6 of its levels.

You collected 255 gold pieces.

Inventory:

Hand Weapons
 a - a +0 trident (weapon)
 h - a +0 short sword of speed
 i - a +1 short sword of speed
 x - a +2 dagger of venom
 A - a +1 short sword of venom
Armour
 b - a +0 scale mail
 c - a +0 shield (worn)
 k - a +0 chain mail (melded)
Jewellery
 d - a ring of protection from magic (right branch)
 j - an uncursed amulet of harm {unknown}
 o - a ring of poison resistance (left branch)
 t - an uncursed ring of positive energy
Wands
 B - a wand of flame (16/48)
Scrolls
 e - 2 scrolls of identify
 f - 2 scrolls of remove curse {unknown}
 g - 2 scrolls of recharging {unknown}
 m - 2 scrolls of teleportation {unknown}
 p - 3 scrolls of immolation {unknown}
 u - 3 scrolls of amnesia {unknown}
 w - a scroll of enchant armour {unknown}
 C - a scroll of fog {unknown}
Potions
 n - a potion of curing
 v - 2 potions of agility
Books
 y - a book of Power

   Spells                             Type                      Level
   a - Fulminant Prism                Conjuration/Hexes            4
   b - Iskenderun's Mystic Blast      Conjuration                  4
   c - Venom Bolt                     Conjuration/Poison           5
   d - Bolt of Magma                  Conjuration/Fire/Earth       5
   e - Iron Shot                      Conjuration/Earth            6
   f - Orb of Destruction             Conjuration                  7
   g - Spellforged Servitor           Conjuration/Summoning        7
Comestibles
 r - 3 bread rations
 D - a meat ration


   Skills:
 - Level 5.0 Fighting
 + Level 11.2 Polearms
 - Level 5.9 Armour
 - Level 1.8 Dodging
 - Level 0.8 Stealth
 - Level 5.9 Shields


You had 7 spell levels left.
You didn't know any spells.

Dungeon Overview and Level Annotations

Branches:
Dungeon (6/15)             Temple (0/1) D:6

Altars:
Dithmenos
Elyvilon
Sif Muna
Vehumet
Xom


Innate Abilities, Weirdness & Mutations

((You reflexively headbutt those who attack you in melee.))
((You have a pair of horns on your head.))


Message History

The gnoll hits you but does no damage. You block the orc warrior's attack.
You block the gnoll's attack.
The orc warrior hits you but does no damage.
The gnoll hits you but does no damage.
The orc warrior hits you but does no damage.
The gnoll hits you but does no damage.
The orc warrior hits you from afar with a glaive!
* * * LOW HITPOINT WARNING * * *
The gnoll hits you but does no damage.
The orc warrior hits you but does no damage.
The gnoll hits you but does no damage. You block the orc warrior's attack.
The gnoll hits you but does no damage.
Your transformation is almost over.
The orc warrior hits you but does no damage.
The gnoll hits you from afar with a halberd.
* * * LOW HITPOINT WARNING * * *
You block the orc warrior's attack. The gnoll hits you but does no damage.
The orc warrior hits you from afar with a glaive!
You die...

.....>..###..####..........#
........###...# #..........#
.........##.#.###..........#
.......#.##.#..##..).......#
.......#.##.##.##..........#
............##.###........##
........#..###..###......##
........#..# ##.##########
........#..# #.♣)o...#
........#.## #)))....#
.......## #g......#
......... ........#
#########. ##.......#
#.......# #..<...(#
##......#


You could see an orc warrior and a gnoll.

Vanquished Creatures
  Eustachio (D:5)
  Menkaure (D:4)
  A sky beast (D:5)
  An ogre (D:6)
  A centaur (D:6)
  A giant frog (D:5)
  Blork the orc (D:5)
  A scorpion (D:4)
  4 killer bees (D:6)
  A howler monkey (D:5)
  4 crimson imps
  A hound (D:5)
  A centaur skeleton (D:5)
  3 orc priests
  8 orc wizards
  3 iguanas
  6 worker ants
  The ghost of Amnesiac the Chucker, a weakling OgHu (D:3)
  A hound skeleton (D:3)
  A howler monkey zombie (D:5)
  4 gnolls
  5 adders
  An adder skeleton (D:4)
  A dart slug (D:2)
  3 giant geckos
  14 orcs
  8 bats
  8 giant cockroaches
  4 hobgoblins
  10 jackals
  10 kobolds
  2 quokkas
  4 ball pythons
  A ball python zombie (D:5)
  4 giant newts
  5 goblins
  10 rats
136 creatures vanquished.

Notes
Turn   | Place    | Note
--------------------------------------------------------------
     0 | D:1      | uiiiytp the Minotaur Fighter began the quest for the Orb.
     0 | D:1      | Reached XP level 1. HP: 19/19 MP: 0/0
   259 | D:1      | Reached XP level 2. HP: 27/27 MP: 1/1
   738 | D:1      | Reached XP level 3. HP: 26/33 MP: 2/2
  1174 | D:2      | Found a faded altar to an unknown god.
  1636 | D:3      | Found a shadowy altar of Dithmenos.
  1665 | D:3      | Reached XP level 4. HP: 34/41 MP: 3/3
  1684 | D:3      | Noticed Amnesiac's ghost (weakling OgHu)
  1692 | D:3      | Killed Amnesiac's ghost
  1765 | D:3      | Reached skill level 1 in Dodging
  1941 | D:3      | Reached skill level 5 in Armour
  1943 | D:3      | Reached XP level 5. HP: 47/47 MP: 4/4
  1947 | D:3      | Reached skill level 3 in Polearms
  2101 | D:3      | Reached skill level 5 in Shields
  2580 | D:4      | Reached XP level 6. HP: 51/53 MP: 5/5
  2710 | D:4      | Found a radiant altar of Vehumet.
  3073 | D:4      | Noticed Menkaure
  3077 | D:4      | Killed Menkaure
  3077 | D:4      | Reached skill level 5 in Fighting
  3077 | D:4      | Reached skill level 4 in Polearms
  3509 | D:4      | Reached XP level 7. HP: 46/61 MP: 6/6
  3618 | D:4      | Found a shimmering altar of Xom.
  3619 | D:4      | Found a white marble altar of Elyvilon.
  3742 | D:5      | Entered Level 5 of the Dungeon
  3743 | D:5      | Noticed Eustachio
  3762 | D:5      | Killed Eustachio
  3762 | D:5      | Reached skill level 5 in Polearms
  3903 | D:5      | Reached skill level 6 in Polearms
  3990 | D:5      | Found a deep blue altar of Sif Muna.
  4047 | D:5      | Noticed Blork the orc
  4055 | D:5      | Killed Blork the orc
  4055 | D:5      | Reached skill level 7 in Polearms
  4182 | D:5      | Reached XP level 8. HP: 51/68 MP: 7/7
  4185 | D:5      | Reached skill level 8 in Polearms
  4487 | D:5      | Reached skill level 9 in Polearms
  4940 | D:6      | Reached skill level 10 in Polearms
  5043 | D:6      | Found a staircase to the Ecumenical Temple.
  5135 | D:6      | Reached skill level 11 in Polearms
  5520 | D:6      | Mangled by an orc warrior

Vault maps used:
D:1:      dpeg_arrival_shrine, minmay_fountain_box, minmay_ruptured
D:2:      ecumenical_altar_1, serial_forest, infiniplex_forest_straight_4,
          infiniplex_forest_clump_medium, infiniplex_forest_clump_diagonal,
          infiniplex_forest_lined_room_, infiniplex_forest_lined_room_3,
          infiniplex_forest_straight_1, infiniplex_forest_end_3, st_stairs_3,
          minmay_hedge_maze
D:3:      lemuel_round_altar, grunt_ministairs_3, minmay_misc_feat_tower,
          minivault_11
D:4:      marbit_many_paths, gammafunk_temple_overflow_statue,
          kennysheep_decorative_pillar, hex_large, uniq_menkaure
D:5:      led_sif_pool, first_bread, lightli_corner_chamber, uniq_eustachio,
          uniq_blork_the_orc
D:6:      minmay_temple_entry_glass, uniq_grinder

Skill      XL: |  1  2  3  4  5  6  7  8 |
---------------+-------------------------+-----
Armour         | 4 5 |  5.9
Fighting       | 4 5 |  5.0
Shields        | 4 5 |  5.9
Dodging        | 1 |  1.8
Polearms       | 3 4 7 11 | 11.2
Stealth        | |  0.8

Action                   |  1- 3 |  4- 6 |  7- 9 || total
-------------------------+-------+-------+-------++-------
Melee: Trident           |   132 |   139 |   220 ||   491
  Use: Scroll            |     1 |     1 |     1 ||     3
       Potion            |     1 |       |     9 ||    10
  Eat: Bread ration      |     1 |     1 |     1 ||     3
       Fruit             |       |       |     4 ||     4
       Royal jelly       |       |       |     1 ||     1
